 Dungeon Crawl Stone Soup version 0.28.0 (console) character file.

Game seed: 3574355979667619817

143443 jejorda2 the Slicer (level 17, -2/139 HPs)
             Began as a Vine Stalker Berserker on Feb 10, 2022.
             Was the Champion of Trog.
             Succumbed to a wolf spider's poison
             ... on level 2 of the Spider Nest.
             The game lasted 01:28:03 (27525 turns).

jejorda2 the Slicer (Vine Stalker Berserker)       Turns: 27525, Time: 01:28:04

Health: -2/139     AC: 26    Str: 26    XL:     17   Next: 37%
Magic:  8/27       EV:  9    Int:  7    God:    Trog [******]
Gold:   7          SH: 13    Dex: 16    Spells: 16/16 levels left

rFire   + . .      SeeInvis +   a - +8 arc blade {discharge, rElec}
rCold   . . .      Faith    .   w - +0 kite shield {rN+}
rNeg    + . .      Spirit   +   I - +0 plate armour
rPois   +          Reflect  .   L - +2 hat {SInv}
rElec   +          Harm     .   q - +2 cloak
rCorr   .          Rampage  +   U - +0 pair of gloves of Divine Intervention {Rampage rF+}
Will    ++...                   f - +2 pair of boots
Stlth   ..........              N - amulet of magic regeneration
HPRegen 1.13/turn               u - ring of poison resistance
MPRegen 0.60/turn               r - ring of magical power

@: berserking, lethally poisoned (-2 -> -21), very quick
A: fangs 3, regeneration 1, magic shield, antimagic bite, no potion heal 2
a: Renounce Religion, Berserk, Trog's Hand, Brothers in Arms


You were on level 2 of the Spider Nest.
You worshipped Trog.
Trog was exalted by your worship.
You visited 4 branches of the dungeon, and saw 25 of its levels.

You collected 2367 gold pieces.
You spent 2360 gold pieces at shops.

Inventory:

Hand Weapons
 a - the +8 arc blade (weapon) {discharge, rElec}
   (You bought it in a shop on level 2 of the Orcish Mines)

   It occasionally unleashes powerful arcs of lightning upon striking a foe.
   These may arc to other adjacent creatures (including the wielder, but dealing
   reduced damage to them) before grounding out.
   rElec:     It insulates you from electricity.
 b - a +6 vorpal dagger
Missiles
 d - 637 stones
 i - 7 curare-tipped darts
 n - 37 poisoned darts (quivered)
 v - 5 silver javelins
 A - 8 throwing nets
 C - 17 boomerangs
 D - 9 datura-tipped darts
Armour
 f - a +2 pair of boots (worn)
 q - a +2 cloak (worn)
 w - a +0 kite shield of positive energy (worn)
 I - a +0 plate armour (worn)
 L - a +2 hat of see invisible (worn)
 U - the +0 pair of gloves of Divine Intervention (worn) {Rampage rF+}
   (You found it on level 14 of the Dungeon)

   rF:        It protects you from fire.
   Rampage:   It bestows one free step when moving towards enemies.
Jewellery
 j - a ring of protection from fire
 r - a ring of magical power (right hand)
 u - a ring of poison resistance (left hand)
 N - an amulet of magic regeneration (around neck)
 P - a +4 ring of protection
 Z - a ring of ice
Wands
 k - a wand of mindburst (6)
 o - a wand of iceblast (26)
 p - a wand of paralysis (3)
 J - a wand of charming (8)
 K - a wand of flame (17)
 M - a wand of polymorph (5)
 T - a wand of digging (11)
Scrolls
 e - 5 scrolls of fog
 t - 3 scrolls of identify
 y - 2 scrolls of torment
 F - 3 scrolls of fear
 H - a scroll of summoning
 O - 6 scrolls of teleportation
 R - a scroll of silence
 S - 2 scrolls of blinking
 V - a scroll of holy word
 W - a scroll of brand weapon
 Y - 2 scrolls of magic mapping
Potions
 c - 4 potions of attraction
 g - a potion of cancellation
 h - a potion of invisibility
 l - 3 potions of resistance
 m - 4 potions of mutation
 s - 15 potions of curing
 z - 4 potions of magic
 B - 5 potions of haste
 E - 3 potions of ambrosia
 G - 3 potions of might
 Q - 2 potions of flight
Miscellaneous
 x - a lightning rod (4/4)
 X - a tin of tremorstones (2/2)


   Skills:
 - Level 12.0 Fighting
 - Level 14.0 Short Blades
 + Level 9.6 Throwing
 - Level 13.5 Armour
 - Level 5.9 Dodging
 * Level 13.5 Shields
 + Level 8.4 Evocations


You had 16 spell levels left.
You didn't know any spells.
Your spell library was empty.

Dungeon Overview and Level Annotations

Branches:
Dungeon (15/15)            Temple (0/1) D:4            Lair (6/6) D:11
 Shoals (0/4) Lair:2       Spider (2/4) Lair:3        Slime (0/5) Lair:5
    Orc (2/2) D:11            Elf (0/3) Orc:2        Vaults (0/5) D:13
 Depths (0/4) D:15

Altars:
Ashenzari
Cheibriados
Fedhas
Gozag
Kikubaaqudgha
Okawaru
Ru
Trog
Uskayaw
Vehumet
Wu Jian
Xom
Zin
The Shining One

Shops:
D:10 *   D:14 !?[   D:15 [   Orc:2 :*([

Annotations:
Lair:1 3 runed translucent doors, ReploidZero's ghost, journeyman GrEE; pkoi's ghost, journeyman DrAE


Innate Abilities, Weirdness & Mutations

You have razor-sharp teeth.
Your natural rate of healing is unusually fast.
When hurt, damage is shared between your health and your magic reserves.
Your bite disrupts and absorbs the magic of your enemies.
Potions cannot restore your health.


Message History

Unknown command.
Unknown command.
Unknown command.
A red film seems to cover your vision as you go berserk!
You feel yourself moving faster!
You feel mighty!
You rip and tear the barbed spikes from your body.
The culicivora closely misses you. You block the wolf spider's attack.
The wolf spider barely misses you.
The culicivora bites you but does no damage.
The torpor snail bites you.
* * * LOW HITPOINT WARNING * * *
The wolf spider closely misses you.
The wolf spider bites you but does no damage.
The culicivora bites you!!
* * * LOW HITPOINT WARNING * * *
The culicivora draws strength from your injuries!
You puncture the torpor snail! You bite the torpor snail! You drain its power.
You feel invigorated.
The torpor snail is heavily wounded.
The wolf spider barely misses you. The wolf spider bites you!
* * * LOW HITPOINT WARNING * * *
You are lethally poisoned!
The wolf spider poisons you! The torpor snail barely misses you.
The culicivora bites you but does no damage.
Unknown command.
Unknown command.
You puncture the torpor snail!
The torpor snail is severely wounded.
* * * LOW HITPOINT WARNING * * *
You feel very sick. The wolf spider hits you.
* * * LOW HITPOINT WARNING * * *
The wolf spider barely misses you.
Unknown command.
Unknown command.
You impale the torpor snail!!
You kill the torpor snail!
Trog accepts your kill.
You feel yourself speed up.
You die...

###### . ### ##.#..###
##... ..## ##......^##...#
...### ###..#<##s....#
.#...####..#...#@##........
.#..^.##....#..s.#.#s###..#
#.#..##..##.###^s#^ ... .
#.....#..#..####... .##s
#..##[...#...# #..##s^ .#
#..##..#.##..# ..#...# .
..#####..†...# ...#..° .#
####......## # ##.#..#


You could see a wolf spider, a culicivora and a tarantella.

Vanquished Creatures
  Jorgrun (D:12)
  Rupert (D:12)
  A fire giant (D:13)
  A ghost moth (Spider:1)
  An orc warlord (Orc:1)
  An entropy weaver (Spider:2)
  A great orb of eyes (D:15)
  The ghost of Nefuv the Blocker, a journeyman MiBe of Trog (Lair:3)
  Fannar (D:12)
  A rakshasa (D:15)
  Harold (D:7)
  8 vault guards (D:13)
  Erolcha (D:9)
  An ogre mage (D:12)
  14 hydras
  8 boulder beetles
  2 catoblepae
  4 two-headed ogres
  2 alligators (D:15)
  A centaur warrior (D:15)
  7 dancing weapons (Spider:1)
  10 death yaks
  3 tengu warriors (D:15)
  Urug (D:12)
  4 orc high priests
  A sun moth (Spider:1)
  2 steelbarb worms
  A deep troll (shapeshifter) (D:15)
  2 orb spiders
  Pikel (D:8)
  2 lindwurms (D:15)
  A harpy (shapeshifter) (D:15)
  9 orc knights
  7 deep elf pyromancers
  4 orc sorcerers
  A deep elf zephyrmancer (D:9)
  5 ugly things
  6 wolf spiders
  2 manticores
  11 black mambas
  A moth of wrath (Spider:1)
  3 cyclopes
  Maurice (D:12)
  A merfolk siren (Lair:2)
  A guardian serpent (Lair:6)
  Joseph (Lair:1)
  2 torpor snails
  4 gargoyles
  A rime drake (shapeshifter) (D:13)
  Psyche (D:8)
  27 cane toads
  3 rime drakes
  An unseen horror (D:11)
  An efreet (D:14)
  A freezing wraith (D:14)
  19 komodo dragons
  2 kobold demonologists (D:12)
  2 demonic crawlers
  12 trolls
  3 meliai (D:14)
  A wolf spider simulacrum (D:15)
  3 tyrant leeches (D:15)
  26 slime creatures
  29 blink frogs
  2 hornets (Lair:6)
  14 tarantellas
  Prince Ribbit (D:7)
  4 dream sheep (Lair:5)
  5 jumping spiders
  A vampire (D:12)
  A shadow (D:11)
  19 wyverns
  8 culicivoras
  3 wraiths
  37 yaks
  8 basilisks
  Grum (D:8)
  16 redbacks
  16 vampire mosquitoes
  4 steam dragons
  7 wargs
  3 acid dragons
  22 water moccasins
  2 hell hounds (D:15)
  3 black bears
  2 ice beasts (D:5)
  A swamp drake (D:9)
  A sky beast (D:7)
  2 hornet zombies
  29 orc warriors
  9 ogres
  11 centaurs
  21 wolves
  2 phantoms (D:5)
  3 kobold brigands
  7 bullfrogs
  3 gnoll sergeants (D:7)
  3 scorpions
  11 killer bees (D:9)
  The ghost of Jase the Ruffian, a weakling DrTm (D:3)
  3 wights (D:9)
  9 howler monkeys
  2 electric eels (D:7)
  2 lava snakes (D:8)
  A bullfrog zombie (D:5)
  3 centaur zombies
  A crimson imp (D:9)
  13 hounds
  An iron imp (D:9)
  7 jellies
  10 orc priests
  2 centaur skeletons (D:5)
  A gnoll shaman (D:7)
  2 bullfrog skeletons
  A scorpion zombie (D:5)
  4 iguanas
  Natasha (thrice) (D:2)
  21 orc wizards
  A hound skeleton (D:4)
  33 gnolls
  2 howler monkey zombies
  4 adders
  A shadow imp (D:9)
  4 white imps
  9 worms
  4 dart slugs
  56 orcs
  4 bats
  14 endoplasms
  4 giant cockroaches
  A goblin (D:4)
  9 hobgoblins
  12 jackals
  4 quokkas
  6 ball pythons
  8 frilled lizards
  25 kobolds
  4 rats
852 creatures vanquished.

Vanquished Creatures (collateral kills)
  2 boulder beetles
  2 centaur zombies (D:11)
  3 yaks (Lair:5)
  A wolf (D:8)
  2 lemures (D:8)
  A kobold brigand (D:8)
  A bullfrog (Lair:5)
  3 howler monkeys (D:8)
  A kobold (D:8)
16 creatures vanquished.

Vanquished Creatures (others)
  A culicivora (Spider:1)
  A hound (D:15)
  A worm (D:15)
  An orc (D:9)
  2 kobolds (D:8)
  A bush (Lair:6)
  60 fungi
  53 plants
  6 withered plants (Lair:1)
126 creatures vanquished.

Grand Total: 994 creatures vanquished

Notes
Turn   | Place    | Note
-------+----------+-------------------------------------------
     0 | D:1      | jejorda2 the Vine Stalker Berserker began the quest for the
                  | Orb.
     0 | D:1      | Reached XP level 1. HP: 11/11 MP: 2/2
   389 | D:1      | Reached skill level 3 in Short Blades
   389 | D:1      | Reached XP level 2. HP: 16/16 MP: 3/3
  1294 | D:1      | Reached XP level 3. HP: 14/20 MP: 4/4
  1803 | D:2      | Noticed Natasha
  2270 | D:2      | Killed Natasha
  2271 | D:2      | Gained mutation: Your natural rate of healing is unusually
                  | fast. [Vine Stalker growth]
  2271 | D:2      | Reached XP level 4. HP: 10/24 MP: 1/5
  2468 | D:2      | Reached skill level 4 in Short Blades
  2471 | D:2      | Reached XP level 5. HP: 28/28 MP: 6/6
  2543 | D:2      | Noticed Natasha
  2554 | D:2      | Killed Natasha
  2816 | D:2      | Noticed Natasha
  2828 | D:2      | Killed Natasha
  2890 | D:3      | Noticed Jase's ghost (weakling DrTm)
  2890 | D:3      | Noticed a kobold brigand
  2891 | D:3      | Found a runed translucent gate.
  2891 | D:3      | Found a runed translucent gate.
  2891 | D:3      | Found a runed translucent gate.
  2988 | D:3      | Found a blossoming altar of Fedhas.
  3191 | D:3      | Reached ** piety under Trog
  3598 | D:3      | Found a faded altar of an unknown god.
  3705 | D:2      | Killed a kobold brigand
  3706 | D:2      | Reached XP level 6. HP: 31/31 MP: 4/7
  3790 | D:3      | Killed Jase's ghost
  3796 | D:3      | Reached skill level 5 in Short Blades
  3956 | D:4      | Found a bloodstained altar of Trog.
  4041 | D:4      | Reached XP level 7. HP: 37/37 MP: 6/8
  4305 | D:4      | Found a staircase to the Ecumenical Temple.
  4345 | D:4      | Found a glowing golden altar of the Shining One.
  4697 | D:5      | Entered Level 5 of the Dungeon
  4707 | D:5      | Reached skill level 6 in Short Blades
  4834 | D:5      | Gained mutation: You have razor-sharp teeth. [Vine Stalker
                  | growth]
  4834 | D:5      | Reached XP level 8. HP: 42/42 MP: 9/9
  4836 | D:5      | Noticed a two-headed ogre
  4844 | D:5      | Killed a two-headed ogre
  4845 | D:5      | Reached skill level 5 in Fighting
  4845 | D:5      | Reached skill level 7 in Short Blades
  4960 | D:5      | Reached XP level 9. HP: 40/48 MP: 10/10
  5033 | D:5      | Reached skill level 8 in Short Blades
  5033 | D:5      | Reached skill level 5 in Armour
  5610 | D:5      | Found an opulent altar of Gozag.
  5619 | D:5      | Found a broken altar of Ashenzari.
  5721 | D:6      | Identified a scroll of acquirement
  5721 | D:6      | Acquired the +4 buckler "Mergh" {rPois Regen+}
  5923 | D:6      | Found a radiant altar of Vehumet.
  5955 | D:6      | Reached skill level 1 in Shields
  5984 | D:6      | Found a shimmering altar of Xom.
  6204 | D:6      | Reached *** piety under Trog
  6215 | D:6      | Reached skill level 9 in Short Blades
  6300 | D:6      | You fall into a shaft and drop 2 floors!
  6332 | D:7      | Noticed Prince Ribbit
  6337 | D:7      | Killed Prince Ribbit
  6761 | D:6      | Reached XP level 10. HP: 40/53 MP: 5/11
  6896 | D:7      | Reached skill level 10 in Short Blades
  7179 | D:7      | Reached **** piety under Trog
  7363 | D:7      | Found an ancient bone altar of Kikubaaqudgha.
  7373 | D:7      | Found a snail-covered altar of Cheibriados.
  7402 | D:7      | Reached skill level 1 in Evocations
  7423 | D:7      | Noticed Harold
  7459 | D:7      | Killed Harold
  7460 | D:7      | Reached skill level 5 in Shields
  7700 | D:7      | Found a sacrificial altar of Ru.
  7752 | D:8      | Noticed Pikel
  7799 | D:8      | Noticed Psyche
  7803 | D:8      | Noticed Grum
  7815 | D:8      | Killed Grum
  7819 | D:8      | Killed Psyche
  7829 | D:8      | Killed Pikel
  7830 | D:8      | Reached skill level 5 in Evocations
  7840 | D:8      | Reached XP level 11. HP: 46/56 MP: 12/12
  8350 | D:8      | Found an ornate altar of the Wu Jian Council.
  8666 | D:9      | Noticed a deep elf pyromancer
  8669 | D:9      | Noticed a deep elf zephyrmancer
  8683 | D:9      | Killed a deep elf zephyrmancer
  8686 | D:9      | Killed a deep elf pyromancer
  8689 | D:9      | Identified the +1 hat of Feife {Dex+2}
  8979 | D:9      | Noticed Erolcha
  8989 | D:9      | Killed Erolcha
  9349 | D:9      | Reached ***** piety under Trog
  9471 | D:9      | Found a glowing silver altar of Zin.
  9535 | D:10     | Entered Level 10 of the Dungeon
  9645 | D:10     | Noticed a +0 hand axe
  9646 | D:10     | Noticed a +0 hand axe
  9675 | D:10     | Found a hide-covered altar of Uskayaw.
  9742 | D:10     | Found Veol's Overcharged Wands.
  9764 | D:10     | Noticed a two-headed ogre
  9791 | D:10     | Killed a two-headed ogre
 10272 | D:11     | Found a staircase to the Orcish Mines.
 10407 | D:11     | Reached XP level 12. HP: 62/64 MP: 13/13
 10418 | D:11     | Noticed a seven-headed hydra
 10435 | D:11     | Killed a seven-headed hydra
 10436 | D:11     | Reached skill level 10 in Armour
 10485 | D:11     | Received a gift from Trog
 10750 | D:11     | Noticed a two-headed ogre
 10769 | D:11     | Killed a two-headed ogre
 10955 | D:11     | Found a staircase to the Lair.
 11220 | D:11     | Noticed a boulder beetle
 11239 | D:11     | Killed a boulder beetle
 11619 | Lair:1   | Entered Level 1 of the Lair of Beasts
 11657 | Lair:1   | Noticed Joseph
 11670 | Lair:1   | Killed Joseph
 11768 | Lair:1   | Found a runed translucent gate.
 11768 | Lair:1   | Found a runed translucent gate.
 11769 | Lair:1   | Found a runed translucent gate.
 11770 | Lair:1   | Noticed ReploidZero's ghost (journeyman GrEE)
 11770 | Lair:1   | Noticed pkoi's ghost (journeyman DrAE)
 11905 | Lair:1   | Reached XP level 13. HP: 70/70 MP: 14/14
 12906 | Lair:2   | Found a staircase to the Shoals.
 13451 | Lair:3   | Found a hole to the Spider Nest.
 13693 | Lair:3   | Found a runed translucent gate.
 13694 | Lair:3   | Found a runed translucent gate.
 13694 | Lair:3   | Found a runed translucent gate.
 13695 | Lair:3   | Noticed Nefuv's ghost (journeyman MiBe)
 13756 | Lair:3   | Reached skill level 10 in Fighting
 14198 | Lair:3   | Killed Nefuv's ghost
 14211 | Lair:3   | Reached skill level 10 in Shields
 14682 | Lair:4   | Reached skill level 1 in Throwing
 14779 | Lair:4   | Reached XP level 14. HP: 75/77 MP: 15/15
 15902 | Lair:5   | Found a staircase to the Slime Pits.
 16770 | Lair:6   | Entered Level 6 of the Lair of Beasts
 16876 | Lair:6   | Reached skill level 5 in Throwing
 16915 | Lair:6   | Received a gift from Trog
 17262 | Lair:6   | Reached XP level 15. HP: 84/84 MP: 16/16
 17590 | Lair:6   | Identified the +1 scale mail of the Moon {rF+ Dex+2}
 17681 | Lair:6   | Found an iron altar of Okawaru.
 18652 | Orc:1    | Entered Level 1 of the Orcish Mines
 18968 | Orc:2    | Entered Level 2 of the Orcish Mines
 19042 | Orc:2    | Paralysed by an orc sorcerer for 6 turns
 19078 | Orc:1    | Paralysed by an orc sorcerer for 2 turns
 19186 | Orc:2    | Noticed an orc warlord
 19265 | Orc:1    | Killed an orc warlord
 19560 | Orc:1    | Reached ****** piety under Trog
 19561 | Orc:1    | Reached skill level 5 in Dodging
 19644 | Orc:2    | Found Waca Wuqegi's Antique Weapon Shoppe.
 19853 | Orc:2    | Found Zynoze Vene's General Store.
 19871 | Orc:2    | Found Qute's Antique Armour Shoppe.
 20000 | Orc:2    | Found Bixo's Book Shop.
 20024 | Orc:2    | Found a staircase to the Elven Halls.
 20762 | Orc:2    | Bought the +8 arc blade {discharge, rElec} for 1860 gold
                  | pieces
 20762 | Orc:2    | Found the +8 arc blade {discharge, rElec}
 21134 | D:12     | Noticed Fannar
 21145 | D:12     | Killed Fannar
 21191 | D:12     | Reached skill level 11 in Short Blades
 21229 | D:12     | Noticed Maurice
 21237 | D:12     | Killed Maurice
 21237 | D:12     | Received a gift from Trog
 21298 | D:12     | Noticed Jorgrun
 21300 | D:12     | Noticed Rupert
 21307 | D:12     | Killed Jorgrun
 21311 | D:12     | Killed Rupert
 21312 | D:12     | Reached XP level 16. HP: 88/88 MP: 17/17
 21616 | D:12     | Noticed Urug
 21628 | D:12     | Killed Urug
 21639 | D:12     | Reached skill level 12 in Short Blades
 22010 | D:13     | Found a gate to the Vaults.
 22295 | D:13     | Reached skill level 13 in Short Blades
 23011 | D:14     | Found Kanewih's Antique Armour Emporium.
 23073 | D:14     | Received a gift from Trog
 23493 | D:14     | Found Voutoteu's Magic Scroll Shoppe.
 23544 | D:14     | Identified the +0 pair of gloves of Divine Intervention
                  | {Rampage rF+}
 23758 | D:14     | Found a glowing silver altar of Zin.
 23831 | D:14     | Found Ippuhem's Distillery.
 24149 | Orc:2    | Bought a pair of glowing boots for 187 gold pieces
 24408 | D:15     | Entered Level 15 of the Dungeon
 24423 | D:15     | Reached skill level 14 in Short Blades
 24515 | D:15     | Found Jam Viub's Antique Armour Emporium.
 25406 | D:15     | Identified the +9 battleaxe "Oshrunwy" {vorpal, rN+ Int+2}
 25437 | D:15     | Received a gift from Trog
 25978 | Spider:1 | Entered Level 1 of the Spider Nest
 26002 | Spider:1 | Reached XP level 17. HP: 85/93 MP: 18/18
 26104 | Spider:1 | Found a runed translucent door.
 26552 | D:14     | Bought a pair of transparent gloves for 313 gold pieces
 26552 | D:14     | Identified the +2 pair of gloves of Henotheism {Harm Drain
                  | rF++ Dex+4} (You bought it in a shop on level 14 of the
                  | Dungeon)
 27193 | Spider:1 | Received a gift from Trog
 27524 | Spider:2 | HP: 2/139 [poisoned by a wolf spider]
 27525 | Spider:2 | Succumbed to a wolf spider's poison

Illustrated notes

Levels and vault maps discovered:
D:1:      dpeg_arrival_short_road, layout_loops_corners
D:2:      layout_basic, uniq_natasha
D:3:      layout_loops_ring, fedhas_ov_isle_minmay,
          shapermc_ecumenical_altar_mp_vishouse, gammafunk_ghost_nasty_kobolds
D:4:      wad_crossroads, layout_rooms, lemuel_round_altar,
          mainiacjoe_overflow_six_doors_small, temple_fountains,
          interstate_on_off
D:5:      minmay_thick_lines, layout_cave_pools, mainiacjoe_overflow_swirl,
          kennysheep_generic_room_14
D:6:      layout_basic, xom_teletrap_fun, lemuel_doored_altar, serial_aquarium,
          aquarium_bridge_square [aquarium_subvault_bridge,
          aquarium_subvault_bridge, aquarium_subvault_window,
          aquarium_subvault_window], aquarium_window_1,
          aquarium_window_corridor_2, aquarium_view_2c, aquarium_view_2a,
          aquarium_balcony_1b
D:7:      layout_cave_pools, kennysheep_slug_shrine, kennysheep_mini_moat,
          nicolae_ru_the_path_less_chosen, serial_gnoll_camp,
          gnoll_camp_mini_doghouse, gnoll_camp_huts_moat, gnoll_camp_mini_basic,
          gnoll_camp_mini_loothouse, uniq_prince_ribbit1, uniq_harold
D:8:      layout_cave_pools, mainiacjoe_overflow_cross_hatched,
          kennysheep_cross_room, uniq_pikel, uniq_grum, uniq_psyche
D:9:      layout_rooms, general_overflow_altar, serial_co_window_serial,
          co_window_corner_a, co_window_paths_a, co_window_of_opportunity_a,
          co_window_paths_b, co_window_of_opportunity_a, co_window_corner_ca,
          co_window_corner_b, co_window_cross_4, co_window_of_opportunity_c,
          glass_columns_a, glass_columns_c, glass_columns_a, glass_columns_c,
          hangedman_minor_magic, uniq_erolcha
D:10:     layout_big_octagon, dancing_weapons_uskayaw,
          nicolae_shop_overcharged_wands
D:11:     minmay_opposing_rooms, layout_basic, david_lair_shrubbed, orc_0_dummy
D:12:     minmay_s_stair_smasher, layout_irregular_city, serial_column_ruins,
          column_ruins_hut, column_ruins_hut, column_ruins_open_small,
          column_ruins_grid_1, column_ruins_columns_water,
          column_ruins_open_large, column_ruins_corridor_dead_end,
          column_ruins_columns_straight, uniq_rupert, uniq_jorgrun, uniq_urug,
          uniq_fannar, uniq_maurice
D:13:     layout_stronghold, erik_vaults_2, kennysheep_four_rooms
D:14:     layout_basic, kennysheep_flooded_box, serial_shops, shop,
          nicolae_lakefront_shop, nicolae_shop_crystal, kennysheep_nub,
          minmay_between
D:15:     gammafunk_enter_depths_forms, layout_loops_corners,
          grunt_decor_fettered, serial_shops, nicolae_shop_stone,
          minmay_misc_feat_enclosed, hangedman_parallel_progression
Lair:1:   layout_concentric_octagons, gammafunk_ghost_cemetery,
          grunt_megastairs_3, uniq_joseph
Lair:2:   layout_regular_city, minmay_shoals_entry_lonely_mermaid
Lair:3:   layout_loops_ring, nicolae_spider_entry_orb_guardian,
          gammafunk_ghost_hydra_chop, grunt_megastairs_1
Lair:4:   layout_small_grid, lemuel_fruit_tree
Lair:5:   layout_regular_city, nicolae_slime_entry_slimehenge,
          grunt_megastairs_4, infiniplex_staircase_pool_2
Lair:6:   hangedman_lair_tendril_chambers, layout_loops_ring, basic_altar,
          hibernation_bobbens
Spider:1: cheibrodos_spider_deadly_dance, nicolae_spider_checkerboard
Spider:2: layout_spider_delve
Orc:1:    layout_diamond_mine, serial_shops, nicolae_shop_stone, basic_altar,
          uniq_sonja
Orc:2:    grunt_orc_gardens, layout_caves, grunt_orc_garden, grunt_orc_garden,
          grunt_orc_garden, grunt_orc_garden

Skill      XL: |  1  2  3  4  5  6  7  8  9 10 11 12 13 14 15 16 17 |
---------------+----------------------------------------------------+-----
Short Blades   | 3 4 5 6 7 9 10 11 14 | 14.0
Fighting       | 3 4 5 6 7 9 10 12 | 12.0
Armour         | 2 3 4 5 9 12 13 | 13.5
Shields        | 2 6 7 8 10 12 13 | 13.5
Evocations     | 5 6 7 8 |  8.4
Throwing       | 1 6 8 9 |  9.6
Dodging        | 5 |  5.9

Action                   |  1- 3 |  4- 6 |  7- 9 | 10-12 | 13-15 | 16-18 || total
-------------------------+-------+-------+-------+-------+-------+-------++-------
Melee: Short sword       |    38 |       |       |       |       |       ||    38
       Bite              |    30 |    27 |    69 |   302 |   756 |   228 ||  1412
       Dagger            |    76 |   141 |   224 |   880 |  1763 |       ||  3084
       Punch             |     1 |     1 |     1 |       |       |       ||     3
       Rapier            |       |       |       |       |    64 |   638 ||   702
Throw: Stone             |       |     7 |     4 |       |       |       ||    11
       Dart              |       |       |     7 |     8 |    30 |    10 ||    55
Invok: Berserk           |     2 |     6 |     5 |    11 |    15 |     3 ||    42
       Trog's Hand       |       |       |       |     3 |     2 |       ||     5
       Brothers in Arms  |       |       |       |     2 |     2 |       ||     4
Evoke: Wand              |       |       |       |     1 |       |       ||     1
  Use: Scroll            |       |     4 |     9 |    10 |     8 |     1 ||    32
       Potion            |       |       |       |       |     1 |     1 ||     2
 Stab: Petrified         |       |       |       |       |       |     2 ||     2
Armor: Ring mail         |    22 |    35 |    19 |       |       |       ||    76
       Animal skin       |     3 |       |       |       |       |       ||     3
       Chain mail        |       |       |    95 |   130 |       |       ||   225
       Plate armour      |       |       |       |   191 |   491 |   257 ||   939
Dodge: Dodged            |    53 |    77 |    73 |   157 |   297 |   138 ||   795
Block: Buckler           |       |       |    40 |   271 |   937 |   119 ||  1367
       Reflection        |       |       |       |       |     4 |     4 ||     8
       Kite shield       |       |       |       |       |       |   141 ||   141
